 Dungeon Crawl Stone Soup version 0.30-a0-358-g0d69a1922f (webtiles) character file.

Game seed: 986049713319916681

327 kae the Changer (level 6, -5/47 HPs)
             Began as a Draconian Transmuter on Nov 8, 2022.
             Killed from afar by Dowan (14 damage)
             ... with a shard of ice
             ... on level 4 of the Dungeon.
             The game lasted 00:03:21 (2823 turns).

kae the Changer (Draconian Transmuter)              Turns: 2823, Time: 00:03:22

Health: -5/47      AC:  7    Str: 13    XL:     6   Next: 24%
Magic:  11/11      EV: 12    Int: 15    God:
Gold:   104        SH:  0    Dex: 11    Spells: 6/12 levels left

rFire   + . .      SeeInvis .      - Unarmed
rCold   . . .      Faith    .    (no shield)
rNeg    + . .      Spirit   .    (body armour unavailable)
rPois   .          Reflect  .    (helmet restricted)
rElec   .          Harm     .    (no cloak)
rCorr   .          Rampage  .    (no gloves)
Will    .....                    l - +0 pair of boots
Stlth   +.........               (no amulet)
HPRegen 0.27/turn                N - ring of positive energy
MPRegen 0.12/turn                F - ring of protection from fire

@: confused, lit by a corona, ambrosia-drunk, glowing
A: AC +6, unfitting armour, cold-blooded
a: no special abilities


You were on level 4 of the Dungeon.
You visited 1 branch of the dungeon, and saw 4 of its levels.

You collected 104 gold pieces.


Innate Abilities, Weirdness & Mutations

Your plain brown scales are hard. (AC +6)
You cannot fit into any form of body armour.
You are cold-blooded and may be slowed by cold attacks.


   Skills:
 - Level 1.1 Fighting
 - Level 1.7 Dodging
 - Level 3.0 Unarmed Combat
 + Level 3.5 Spellcasting
 * Level 5.1 Transmutations
 + Level 2.4 Poison Magic


You had 6 spell levels left.
You knew the following spells:

 Your Spells              Type           Power      Damage    Failure   Level
a - Beastly Appendage     Tmut           36%        N/A       2%          1
b - Wereblood             Tmut           18%        N/A       3%          2
c - Spider Form           Tmut/Pois      13%        N/A       12%         3

Your spell library contained the following spells:

 Spells                   Type           Power      Damage    Failure   Level
 Ice Form                 Ice/Tmut       10%        N/A       54%         4

Inventory:

Missiles
 g - 12 stones
 k - 2 throwing nets {=f!f}
Armour
 l - a +0 pair of boots (worn)
   (You found it on level 3 of the Dungeon)
Magical Staves
 j - a staff of conjuration {!a}
   (You found it on level 3 of the Dungeon)
 m - a staff of earth {!a}
   (You found it on level 3 of the Dungeon)
Jewellery
 F - a ring of protection from fire (right hand)
   (You found it on level 2 of the Dungeon)
 N - a ring of positive energy (left hand)
   (You found it on level 1 of the Dungeon)
Wands
 c - a wand of light (10)
   (You found it on level 3 of the Dungeon)
Scrolls
 h - a scroll of silence {!r}
 n - a scroll of summoning
Potions
 a - a potion of lignification {!q}
 i - a potion of invisibility

Dungeon Overview and Level Annotations

Branches:
Dungeon (4/15) Zot: 21180
 Temple: D:4-7

Altars:
Elyvilon
Gozag
Yredelemnul

Shops:
D:3 (

Annotations:
D:4 Dowan

..<.......#
#..!......#
#.....?...#
.........#
........#
#.......#
#.).....#
#.@e....#
#.......#
#>......#
#########


You could see Dowan (fast, extremely poisoned).


Message History

You hit Duvessa. Duvessa misses you. Dowan casts a spell at you.
You are outlined in light.
You hit Duvessa but do no damage.
Duvessa is poisoned.
Duvessa misses you. 😕 HP[+1] Unknown command.
You hit Duvessa.
Duvessa looks as sick as possible!
Duvessa misses you.
You hit Duvessa.
Dowan casts a spell.
Dowan blinks!
Duvessa hits you with a +2 short sword of draining!
You partially resist.
You feel drained. 😮 HP[-11]
You now have 38 max hp (-1).
You take 11 damage, and now have 23/38 hp.
MASSIVE DAMAGE!! (PAUSE)
You hit Duvessa. Duvessa barely misses you.
You hit Duvessa but do no damage. Duvessa misses you. 😮 HP[+1]
You hit Duvessa.
Your transformation is almost over.
Duvessa hits you with a +2 short sword of draining!
* * * LOW HITPOINT WARNING * * *
You partially resist.
You feel drained.
* * * LOW HITPOINT WARNING * * *
Dowan barely misses you. 😨 HP[-12] MP[+1]
You now have 37 max hp (-1).
You take 12 damage, and now have 12/37 hp.
MASSIVE DAMAGE!! (PAUSE) Unknown command.
You barely miss Duvessa. Duvessa closely misses you.
Dowan points at you and mumbles some strange words.
The puff of flame hits you. You resist.
* * * LOW HITPOINT WARNING * * *
😱 HP[-3]
You take 3 damage, and now have 9/37 hp.
Unknown command.
You feel much better. Dowan barely misses you.
Duvessa barely misses you. 😎 HP[+28]
Your hp is fully restored (37).
You barely miss Duvessa. Dowan completely misses you.
Duvessa hits you with a +2 short sword of draining!
You partially resist.
You feel drained. 😕 HP[-7]
You now have 36 max hp (-1).
You take 7 damage, and now have 30/36 hp.
Unknown command.
You completely miss Duvessa. Dowan closely misses you.
Duvessa hits you with a +2 short sword of draining.
You partially resist.
You feel drained. 😮 HP[-4]
You now have 35 max hp (-1).
You take 4 damage, and now have 26/35 hp.
You hit Duvessa.
You kill Duvessa!
Dowan seems overcome with grief.
Dowan seems to find hidden reserves of power!
Dowan hits you with a +0 dagger.
Your life force feels restored.
Your Transmutations skill increases to level 5!
You have reached level 6!
Your scales feel tougher. 😮 HP[+3]
You now have 47 max hp (+12).
You regained 3 hp, and now have 29/47 hp.
You barely miss Dowan. Dowan hits you with a +0 dagger.
Dowan closely misses you. 😮 HP[-1]
You take 1 damage, and now have 28/47 hp.
Unknown command.
You hit Dowan.
Dowan is poisoned.
Dowan barely misses you.
Unknown command.
You hit Dowan.
Dowan looks as sick as possible!
Your transformation has ended.
Your +0 pair of boots unmelds from your body.
Dowan hits you with a +0 dagger. Dowan gestures at you while chanting.
The shard of ice hits you!!
Ouch! That really hurt!
* * * LOW HITPOINT WARNING * * *
😱 HP[-27]
You take 27 damage, and now have 1/47 hp.
MASSIVE DAMAGE!! (PAUSE) Unknown command.
You feel better. Dowan casts a spell at you. The stone arrow hits you.
* * * LOW HITPOINT WARNING * * *
😱 HP[+4] MP[+1]
You regained 4 hp, and now have 5/47 hp.
You are confused.
You feel invigorated. Dowan casts a spell at you. The shard of ice hits you!
You die...

Skill      XL: |  1  2  3  4  5 |
---------------+----------------+-----
Transmutations | 3 4 5 |  5.1
Poison Magic   | 1 2 |  2.4
Spellcasting   | 3 |  3.5
Fighting       | |  1.1
Dodging        | |  1.7
Unarmed Combat | |  3.0

Action                   |  1- 3 |  4- 6 || total
-------------------------+-------+-------++-------
Melee: Unarmed           |   102 |   120 ||   222
       Tailslap          |    12 |     3 ||    15
       Punch             |     3 |     1 ||     4
       Headbutt          |    10 |     8 ||    18
       Kick              |     7 |     8 ||    15
 Cast: Beastly Appendage |    11 |    12 ||    23
       Spider Form       |       |     6 ||     6
  Use: Scroll            |     6 |     3 ||     9
       Potion            |       |     3 ||     3
Armor: Skin              |    41 |    20 ||    61
Dodge: Dodged            |   100 |   110 ||   210

Levels and vault maps discovered:
D:1:      dpeg_arrival_tiny_i, layout_basic, hellmonk_ecumenical_altar_run_dry,
          nicolae_kite_square_tiling_tiny
D:2:      layout_rooms, basic_altar
D:3:      layout_loops_cross, nicolae_gozag_cash_rules_everything_around_me,
          elyvilon_altar_1, serial_shops, nicolae_shop_bloodbath_and_beyond,
          minivault_4, minmay_fountain_box, nicolae_underground_beach
D:4:      layout_basic, uniq_duvessa

Notes
Turn   | Place    | Note
-------+----------+-------------------------------------------
     0 | D:1      | kae the Draconian Transmuter began the quest for the Orb.
     0 | D:1      | Reached XP level 1. HP: 16/16 MP: 3/3
     0 | D:1      | magus.rc [v1.11.3]
   249 | D:1      | Reached XP level 2. HP: 22/23 MP: 5/5
   335 | D:1      | Found a faded altar of an unknown god.
   643 | D:1      | Reached skill level 3 in Transmutations
   842 | D:2      | Reached XP level 3. HP: 28/28 MP: 6/6
   855 | D:2      | Learned a level 2 spell: Wereblood
   859 | D:2      | Learned a level 3 spell: Spider Form
  1119 | D:2      | Reached XP level 4. HP: 29/35 MP: 6/8
  1173 | D:2      | Found a basalt altar of Yredelemnul.
  1488 | D:3      | Found Plog's Weapon Boutique.
  1584 | D:3      | Found a white marble altar of Elyvilon.
  1619 | D:3      | Reached skill level 1 in Poison Magic
  1967 | D:3      | Reached skill level 3 in Spellcasting
  1967 | D:3      | Reached skill level 4 in Transmutations
  2025 | D:3      | Reached XP level 5. HP: 20/40 MP: 5/9
  2212 | D:3      | Found an opulent altar of Gozag.
  2717 | D:3      | Reached skill level 2 in Poison Magic
  2803 | D:4      | Noticed Duvessa
  2803 | D:4      | Noticed Dowan
  2814 | D:4      | HP: 9/37 [Dowan/puff of flame (3)]
  2818 | D:4      | Killed Duvessa
  2819 | D:4      | Reached skill level 5 in Transmutations
  2819 | D:4      | Reached XP level 6. HP: 29/47 MP: 7/11
  2821 | D:4      | HP: 1/47 [Dowan/shard of ice (24)]
  2823 | D:4      | Killed from afar by Dowan

Vanquished Creatures
  Duvessa (D:4)
  2 orc priests (D:3)
  5 adders
  3 gnolls (D:3)
  A shadow imp (D:3)
  4 dart slugs
  A worm (D:3)
  9 orcs (D:3)
  3 bats
  9 endoplasms
  4 goblins
  7 hobgoblins
  3 jackals
  A quokka (D:2)
  6 ball pythons
  2 frilled lizards
  3 kobolds (D:1)
  5 rats
69 creatures vanquished.

Table legend:
 A = Non-vault XP
 B = Vault XP
 C = Vault XP percentage of total XP
 D = Non-vault monster count
 E = Vault monster count
 F = Vault count percentage of total count
                 A         B        C        D         E       F
            +---------+---------+-------+---------+---------+-------
      Total |     323 |     145 |  31.0 |      68 |       1 |   1.4
            +---------+---------+-------+---------+---------+-------
        D:1 |      39 |       0 |   0.0 |      21 |       0 |   0.0
        D:2 |      76 |       0 |   0.0 |      20 |       0 |   0.0
        D:3 |     208 |       0 |   0.0 |      27 |       0 |   0.0
        D:4 |       0 |     145 | 100.0 |       0 |       1 | 100.0
            +---------+---------+-------+---------+---------+-------

Illustrated notes

Table legend:
 A = Kills in this place as a percentage of kills in entire the game.
 B = Kills by you in this place as a percentage of kills by you in the entire game.
 C = Kills by friends in this place as a percentage of kills by friends in the entire game.
 D = Other kills in this place as a percentage of other kills in the entire game.
 E = Experience gained in this place as a percentage of experience gained in the entire game.
 F = Experience gained in this place divided by the number of levels of this place that you have seen.
                   A       B       C       D       E      F
               +-------+-------+-------+-------+-------+----------------------
         Total | 100.0 | 100.0 |   N/A |   N/A | 100.0 | 117.0
       Dungeon | 100.0 | 100.0 |   N/A |   N/A | 100.0 | 117.0
               +-------+-------+-------+-------+-------+----------------------

Table legend: (Time is in decaauts)
 A = Elapsed time spent in this place.
 B = Non-inter-level travel time spent in this place.
 C = Inter-level travel time spent in this place.
 D = Time resting spent in this place.
 E = Time spent auto-exploring this place.
 F = Levels seen in this place.
 G = Mean time per level.
                   A        B        C        D        E       F      G
               +--------+--------+--------+--------+--------+-----+--------+
         Total |   2818 |   2765 |     53 |    141 |   2084 |   4 |  704.5 |
       Dungeon |   2818 |   2765 |     53 |    141 |   2084 |   4 |  704.5 |
               +--------+--------+--------+--------+--------+-----+--------+

Top non-repeatable levels by time:
     D:3: 1138 daAuts
     D:1: 870 daAuts
     D:2: 791 daAuts
     D:4: 19 daAuts
